 Dungeon Crawl Stone Soup version 0.23.2-1-ga50397a6bc (webtiles) character file.

Game seed: 3974563309717009632

3269 Mrkan the Grappler (level 9, -2/92 HPs)
             Began as a Troll Monk on May 18, 2019.
             Was a Priest of Makhleb.
             Slain by an ice beast (3 damage)
             ... on level 7 of the Dungeon.
             The game lasted 00:10:15 (5387 turns).

Mrkan the Grappler (Troll Monk)                     Turns: 5387, Time: 00:10:15

Health: -2/92      AC:  6    Str: 24    XL:     9   Next: 68%
Magic:  11/12      EV: 10    Int:  6    God:    Makhleb [***...]
Gold:   254        SH:  0    Dex: 12    Spells: 8/8 levels left

rFire    . . .     SeeInvis .     - Unarmed
rCold    . . .     Gourm    +   (no shield)
rNeg     . . .     Faith    .   a - +0 robe
rPois    .         Spirit   .   (helmet restricted)
rElec    .         Reflect  .   (no cloak)
rCorr    .         Harm     .   (gloves unavailable)
MR       .....                  (boots unavailable)
Stlth    ++........             (no amulet)
HPRegen  0.65/turn              (no ring)
MPRegen  0.13/turn              (no ring)

@: studying Maces & Flails
A: large, unfitting armour, claws 3, fast metabolism 3, gourmand, regeneration
1, shaggy fur 1, tough skin 3
a: Minor Destruction, Lesser Servant of Makhleb, Renounce Religion


You were on level 7 of the Dungeon.
You worshipped Makhleb.
Makhleb was most pleased with you.
You were very hungry.

You visited 1 branch of the dungeon, and saw 7 of its levels.
You also visited: Sewer.

You collected 254 gold pieces.

Inventory:

Hand Weapons
 D - the +8 broad axe "Seaha" {flame, +Fly rF++, unknown}
   (You found it on level 7 of the Dungeon)

   It has been specially enchanted to burn those struck by it, causing extra
   injury to most foes and up to half again as much damage against particularly
   susceptible opponents.
   Big, fiery blades are also staple armaments of hydra-hunters.
   It greatly protects you from fire.
   It lets you fly.
Missiles
 B - 5 large rocks (quivered)
Armour
 a - a +0 robe (worn)
 g - a +1 cloak of poison resistance
 y - a scarf of repulsion
Jewellery
 h - an uncursed ring of magical power {unknown}
 t - an uncursed ring of magical power {unknown}
 w - a +2 ring of evasion {unknown}
 z - an uncursed amulet of the gourmand {unknown}
Wands
 x - a wand of iceblast (11)
 A - a wand of random effects (18)
Scrolls
 d - a scroll of noise {unknown}
 e - 5 scrolls of remove curse
 i - 3 scrolls of magic mapping {unknown}
 j - 2 scrolls of enchant weapon {unknown}
 k - 4 scrolls of immolation {unknown}
 l - 5 scrolls of teleportation
 p - 5 scrolls of identify {unknown}
 q - a scroll of fear {unknown}
 u - a scroll of enchant armour {unknown}
 v - a scroll of amnesia {unknown}
 F - a scroll of blinking {unknown}
Potions
 c - 5 potions of curing
 f - 2 potions of might {unknown}
 m - 4 potions of flight {unknown}
 n - a potion of cancellation {unknown}
 o - a potion of magic {unknown}
 r - a potion of lignification {unknown}
 s - 3 potions of heal wounds {unknown}
Books
 C - a manual of Maces & Flails
Miscellaneous
 E - a phial of floods
Comestibles
 b - 6 rations


   Skills:
 + Level 6.4 Fighting
 - Level 2.4 Dodging
 - Level 1.0 Stealth
 * Level 10.5 Unarmed Combat
 + Level 5.3 Invocations


You had 8 spell levels left.
You didn't know any spells.
Your spell library contained the following spells:

 Spells                   Type           Power        Failure   Level  Hunger
 Shock                    Conj/Air       #...         45%         1    ##.....
 Swiftness                Chrm/Air       #.......     58%         2    ###....
 Static Discharge         Conj/Air       #.......     83%         3    ####...
 Airstrike                Air            #.........   99%         4    #####..
 Lightning Bolt           Conj/Air       #.........   100%        5    ######.


Dungeon Overview and Level Annotations

Branches:
Dungeon (7/15)             Temple (0/1) D:7

Altars:
Ashenzari
Fedhas
Gozag
Kikubaaqudgha
Makhleb
Okawaru
Qazlal
Ru
Sif Muna
Trog
Wu Jian
Xom
The Shining One

Shops:
D:4 *   D:5 [

Annotations:
D:4 3 runed translucent doors, Dommiel19's ghost, amateur TeBe
D:6 Blork the orc
D:7 1 runed translucent door


Innate Abilities, Weirdness & Mutations

You are too large for most types of armour.
You have claws for hands.
Your metabolism is lightning-fast.
You like to eat raw meat.
Your natural rate of healing is unusually fast.
You are covered in fur. (AC +1)
You have extremely tough skin. (AC +3)


Message History

The orc warrior hits you with a +0 dire flail!
* * * LOW HITPOINT WARNING * * *
You scratch the orc warrior but do no damage.
The orc warrior is moderately wounded.
The ice beast barely misses you.
You scratch the orc warrior.
The orc warrior is heavily wounded.
The orc warrior hits you with a +0 dire flail!
* * * LOW HITPOINT WARNING * * *
The ice beast barely misses you.
It was a potion of curing.
You feel better. The orc warrior barely misses you. The ice beast hits you.
* * * LOW HITPOINT WARNING * * *
The ice beast freezes you!
* * * LOW HITPOINT WARNING * * *
Unknown command.
You claw the orc warrior!
The orc warrior is severely wounded.
The orc warrior barely misses you. The ice beast hits you.
You die...

......... .. #. #
######.# #..##. .
#.# #.#..###.###
#.# . #.......
..# #.#
..#......# #.##
#.# #.......#
#..# #..
#...Y..###..# ##.
#..Zo@.....(# #.
###.####.##.# #.
.. ....#.# #. ##
###..#.#########.
#..#........##†
#..########.##.
#..#######.#.#.
..........###..
###.####.#.#.


You could see an orc warrior, an ice beast and an adder zombie.

Vanquished Creatures
  A cyclops (D:7)
  A hippogriff (D:7)
  2 humans (D:7)
  A hungry ghost (D:7)
  3 ice beasts
  2 orc warriors
  A sky beast (D:6)
  A black bear (D:6)
  A hornet zombie (D:6)
  3 phantoms
  2 centaurs (D:7)
  A big kobold (Sewer)
  2 bullfrogs (D:7)
  3 scorpions
  2 wights (D:7)
  A bullfrog zombie (D:5)
  A quasit (D:7)
  2 hounds
  2 orc wizards
  An orc priest (D:6)
  Jessica (D:2)
  2 worker ants
  An iguana (D:7)
  A hound skeleton (D:7)
  A worker ant zombie (D:7)
  Robin (D:3)
  3 howler monkey skeletons
  4 adders
  16 gnolls
  2 river rats (Sewer)
  3 shadow imps
  An ooze (D:3)
  2 adder skeletons
  An adder zombie (D:6)
  2 worms (D:4)
  3 dart slugs
  3 leopard geckos
  6 orcs
  3 ball pythons
  5 giant cockroaches
  16 goblins
  11 hobgoblins
  13 jackals
  6 kobolds
  2 quokkas
  5 bats
  4 frilled lizards
  A jackal skeleton (D:6)
  12 rats
164 creatures vanquished.

Notes
Turn   | Place    | Note
-------+----------+-------------------------------------------
     0 | D:1      | Mrkan the Troll Monk began the quest for the Orb.
     0 | D:1      | Reached XP level 1. HP: 22/22 MP: 0/0
   200 | D:1      | Reached XP level 2. HP: 29/29 MP: 1/1
   786 | D:2      | Found a faded altar of an unknown god.
   801 | D:2      | Reached XP level 3. HP: 36/36 MP: 2/2
   807 | D:2      | Reached skill level 4 in Unarmed Combat
   892 | D:2      | Found an opulent altar of Gozag.
   992 | D:2      | Reached XP level 4. HP: 44/45 MP: 3/3
  1403 | D:2      | Noticed Jessica
  1407 | D:2      | Killed Jessica
  1591 | D:3      | Reached skill level 5 in Unarmed Combat
  1591 | D:3      | Reached XP level 5. HP: 53/53 MP: 4/4
  1639 | D:3      | Noticed Robin
  1650 | D:3      | Killed Robin
  1915 | D:3      | Found an ornate altar of the Wu Jian Council.
  2031 | D:3      | Found a glowing drain.
  2049 | Sewer    | Entered a sewer
  2141 | Sewer    | Reached XP level 6. HP: 51/62 MP: 5/5
  2164 | Sewer    | Found a white marble altar of Elyvilon.
  2420 | D:3      | Reached skill level 6 in Unarmed Combat
  2673 | D:4      | Found a shimmering altar of Xom.
  2742 | D:4      | Found a burning altar of Makhleb.
  2748 | D:4      | Found a runed translucent gate.
  2748 | D:4      | Found a runed translucent gate.
  2749 | D:4      | Found a runed translucent gate.
  2751 | D:4      | Became a worshipper of Makhleb the Destroyer
  2751 | D:4      | Reached * piety under Makhleb
  2751 | D:4      | Reached ** piety under Makhleb
  2815 | D:4      | Found Relophi's Assorted Antiques.
  2833 | D:4      | Found a glowing golden altar of the Shining One.
  2849 | D:4      | Noticed Dommiel19's ghost (amateur TeBe)
  2852 | D:4      | Noticed an ice beast
  2947 | D:4      | Noticed a moth of wrath
  2990 | D:4      | Reached skill level 1 in Invocations
  3170 | D:4      | Reached XP level 7. HP: 55/70 MP: 5/7
  3239 | D:4      | Found a bloodstained altar of Trog.
  3434 | D:5      | Entered Level 5 of the Dungeon
  3444 | D:5      | Found a sacrificial altar of Ru.
  3457 | D:5      | Found Xetseyc's Armour Emporium.
  3491 | D:5      | Found a blossoming altar of Fedhas.
  3513 | D:5      | Reached skill level 7 in Unarmed Combat
  3584 | D:5      | Found an ancient bone altar of Kikubaaqudgha.
  3707 | D:5      | Found a stormy altar of Qazlal.
  4168 | D:6      | Reached XP level 8. HP: 75/79 MP: 7/9
  4272 | D:6      | Reached skill level 5 in Fighting
  4272 | D:6      | Reached skill level 8 in Unarmed Combat
  4505 | D:6      | Noticed Blork the orc
  4583 | D:6      | Found a deep blue altar of Sif Muna.
  4751 | D:6      | Found a shattered altar of Ashenzari.
  4946 | D:7      | Noticed a hippogriff
  4960 | D:7      | Killed a hippogriff
  4976 | D:7      | Reached skill level 9 in Unarmed Combat
  5025 | D:7      | Reached *** piety under Makhleb
  5098 | D:7      | Noticed a cyclops
  5099 | D:7      | Reached XP level 9. HP: 66/89 MP: 11/11
  5125 | D:7      | Killed a cyclops
  5142 | D:7      | Got a dazzling broad axe
  5250 | D:7      | Found an iron altar of Okawaru.
  5265 | D:7      | Reached skill level 10 in Unarmed Combat
  5271 | D:7      | Reached skill level 5 in Invocations
  5296 | D:7      | Found a staircase to the Ecumenical Temple.
  5321 | D:7      | Found a runed translucent door.
  5333 | D:7      | Found a runed translucent door.
  5385 | D:7      | HP: 4/92 [orc warrior/+0 dire flail (16)]
  5386 | D:7      | HP: 1/92 [ice beast (9)]
  5387 | D:7      | Slain by an ice beast

Skill      XL: |  1  2  3  4  5  6  7  8  9 |
---------------+----------------------------+-----
Unarmed Combat | 4 5 6 7 9 10 | 10.5
Fighting       | 3 4 5 6 |  6.4
Invocations    | 1 2 4 5 |  5.3
Dodging        | |  2.4
Stealth        | |  1.0

Action                   |  1- 3 |  4- 6 |  7- 9 || total
-------------------------+-------+-------+-------++-------
Melee: Unarmed           |    84 |   190 |   235 ||   509
       Punch             |     1 |     4 |    15 ||    20
  Use: Scroll            |       |     1 |     1 ||     2
       Potion            |       |       |     1 ||     1
 Stab: Sleeping          |     5 |     3 |     1 ||     9
  Eat: Chunk             |     2 |    10 |    10 ||    22
       Ration            |     1 |     3 |     4 ||     8
Armor: Robe              |    32 |    93 |    65 ||   190
Dodge: Dodged            |    51 |   113 |    97 ||   261
